 Dungeon Crawl Stone Soup version 0.29.0-4-gdea44cf6ec (webtiles) character file.

Game seed: 10938356962344840373

1624 qw the Cleaver (level 8, -2/51 HPs)
             Began as a Gargoyle Berserker on Sept 7, 2022.
             Was a Priest of Trog.
             Slain by a rust devil (7 damage)
             ... on level 5 of the Dungeon.
             The game lasted 00:02:13 (6613 turns).

qw the Cleaver (Gargoyle Berserker)                 Turns: 6613, Time: 00:02:13

Health: -2/51      AC: -21   Str: 23    XL:     8   Next: 97%
Magic:  8/8        EV:  6    Int:  8    God:    Trog [***...]
Gold:   306        SH:  4    Dex:  9    Spells: 7/7 levels left

rFire   + . .      SeeInvis .   Y - +3 hand axe (flame)
rCold   . . .      Faith    .   g - +0 buckler {rF+}
rNeg    + . .      Spirit   .   i - +5 plate armour
rPois   inf        Reflect  .   b - +2 helmet
rElec   +          Harm     .   (no cloak)
rCorr   .          Rampage  .   (no gloves)
Will    .....                   (no boots)
Stlth   ..........              (no amulet)
HPRegen 0.17/turn               a - +4 ring of protection
MPRegen 0.11/turn               (no ring)

@: corroded, on berserk cooldown, slowed, very slow
A: sickness immunity, AC +5, negative energy resistance 1, electricity
resistance, torment resistance 1, petrification resistance
a: Renounce Religion, Berserk, Trog's Hand


You were on level 5 of the Dungeon.
You worshipped Trog.
Trog was most pleased with you.
You visited 1 branch of the dungeon, and saw 6 of its levels.

You collected 306 gold pieces.


Innate Abilities, Weirdness & Mutations

You are immune to sickness and miasma.
Your stone body is resilient. (AC +5)
You are immune to poison.
You resist negative energy. (rN+)
You are resistant to electric shocks. (rElec)
You are resistant to unholy torment.
You are immune to petrification.


   Skills:
 - Level 6.2 Fighting
 - Level 8.0 Axes
 + Level 4.8 Armour
 - Level 1.5 Dodging
 - Level 3.7 Shields


You had 7 spell levels left.
You didn't know any spells.
Your spell library was empty.

Inventory:

Hand Weapons
 Y - a +3 hand axe of flaming (weapon)
Armour
 b - a +2 helmet (worn)
 g - a +0 buckler of fire resistance (worn)
 i - a +5 plate armour (worn)
Jewellery
 a - a +4 ring of protection (left hand)
Scrolls
 e - 3 scrolls of teleportation
 f - 6 scrolls of identify
Potions
 d - 5 potions of curing
 h - 2 potions of haste
 j - a potion of cancellation
 l - a potion of heal wounds

Dungeon Overview and Level Annotations

Branches:
Dungeon (6/15)
 Temple: D:4-7

Altars:
Dithmenos
Nemelex Xobeh
Qazlal
Sif Muna
Zin

Shops:
D:5 ([


Message History

The rust devil is heavily wounded.
You hit the rust devil but do no damage.
You block the rust devil's attack. The rust devil hits you!
The rust devil corrodes you!
You hit the rust devil but do no damage.
The rust devil is heavily wounded.
You hit the rust devil but do no damage.
The rust devil hits you! The rust devil corrodes you!
You block the rust devil's attack.
You hit the rust devil but do no damage.
The rust devil is heavily wounded.
You hit the rust devil.
You hit the rust devil but do no damage.
The rust devil is heavily wounded.
You closely miss the rust devil. The rust devil hits you.
The rust devil corrodes you! The rust devil hits you!
The rust devil corrodes you!
You barely miss the rust devil.
The rust devil is heavily wounded.
You hit the rust devil. You closely miss the rust devil.
The rust devil is heavily wounded.
You hit the rust devil. The rust devil hits you! The rust devil corrodes you!
The rust devil closely misses you.
You hit the rust devil.
The rust devil is heavily wounded.
You closely miss the rust devil. The rust devil hits you.
The rust devil corrodes you! The rust devil hits you.
The rust devil corrodes you!
You hit the rust devil but do no damage.
The rust devil is heavily wounded.
You hit the rust devil but do no damage.
You hit the rust devil but do no damage.
The rust devil is heavily wounded.
You hit the rust devil but do no damage.
You are no longer berserk.
You are exhausted.
You feel yourself slow down. The rust devil hits you!
You die...

##..###)#.)....## #.# #...[.
##..#..........#####.# ######
#.#.###......##.5.55###########
#.### ##..#.#.o.###.55#...5.5oo
#.######..##..### ###..o#######
#......#....5##)#+#)##...# #
####.#......5#7.....7#...# #
#...#..#.##.......##..# #
###......#>@4.8...\#..# #
#.#..>.##.4.....##..# #
#.#.....#7.....7#..## #
#.##..#.##)#+#)##..# #
#.....#..### ###...# #
####.###...###...#.# # #.#
###......##.# # #.#
#......##.##### #.#
###...###.....#


You could see 2 rust devils.

Vanquished Creatures
  Edmund (D:6)
  2 orc warriors (D:5)
  An ice beast (D:5)
  A black bear (D:5)
  A centaur (D:6)
  2 necrophages (D:5)
  3 scorpions
  A howler monkey (D:6)
  2 hounds
  3 jellies
  3 orc priests
  3 iguanas
  Jessica (D:3)
  6 orc wizards
  3 gnolls (D:5)
  6 adders
  A river rat (D:5)
  A shadow imp (D:6)
  3 ufetubi
  2 worms (D:5)
  A dart slug (D:4)
  16 orcs
  5 ball pythons
  6 endoplasms
  8 giant cockroaches
  8 goblins
  4 hobgoblins
  2 jackals (D:2)
  3 kobolds
  10 quokkas
  4 bats
  4 frilled lizards
  10 rats
127 creatures vanquished.

Vanquished Creatures (others)
  11 fungi (D:5)
11 creatures vanquished.

Grand Total: 138 creatures vanquished

Notes
Turn   | Place    | Note
-------+----------+-------------------------------------------
     0 | D:1      | qw the Gargoyle Berserker began the quest for the Orb.
     0 | D:1      | Reached XP level 1. HP: 14/14 MP: 1/1
     0 | D:1      | 0 ||| qw: Version: 0.1-a-108-g9e35731
     0 | D:1      | 0 ||| qw: Game counter: 6529
     0 | D:1      | 0 ||| qw: Always use a shield: true
     0 | D:1      | 0 ||| qw: Do Orc after D:15 true
     0 | D:1      | 0 ||| qw: Do second Lair branch before Depths: true
     0 | D:1      | 0 ||| qw: Lair rune preference: random
     0 | D:1      | 0 ||| qw: Plans: Normal
     0 | D:1      | 0 ||| PLANNING D:1-11
    44 | D:1      | Reached skill level 3 in Axes
    82 | D:1      | 82 ||| Stepping ~*~*~tactically~*~*~ (stealth).
   243 | D:1      | 243 ||| SWAPPING to +2 hand axe of flaming.
   244 | D:1      | 244 ||| DROPPING +0 hand axe.
   245 | D:1      | 245 ||| DROPPING +0 club.
   281 | D:1      | Reached XP level 2. HP: 18/19 MP: 2/2
   884 | D:1      | 884 ||| UPGRADING to +0 leather armour.
   894 | D:1      | 894 ||| DROPPING +0 animal skin.
   895 | D:1      | 895 ||| UPGRADING to +0 buckler.
   900 | D:1      | 900 ||| READING 6 scrolls labelled GETZARHULI.
   901 | D:1      | 901 ||| READING scroll labelled QAL VANION.
  1017 | D:2      | Reached XP level 3. HP: 21/23 MP: 3/3
  1079 | D:2      | Identified the +8 whip "Likuell" {vorpal, rPois Str+3}
  1122 | D:2      | Identified the +6 quarterstaff "Nusm" {antimagic, rElec
                  | Int+5}
  1132 | D:2      | Reached skill level 1 in Shields
  1759 | D:2      | 1759 ||| UPGRADING to +1 helmet.
  1764 | D:2      | 1764 ||| UPGRADING to +0 buckler of fire resistance.
  1774 | D:2      | 1774 ||| DROPPING +0 buckler.
  1775 | D:2      | 1775 ||| UPGRADING to +0 ring mail.
  1785 | D:2      | 1785 ||| DROPPING +0 leather armour.
  1786 | D:2      | 1786 ||| READING 2 scrolls labelled VESER IMOURGHYLYO.
  1787 | D:2      | 1787 ||| READING scroll labelled WOMIFACETS.
  1791 | D:2      | 1791 ||| DRINKING 2 fizzy purple potions.
  1792 | D:2      | 1792 ||| READING 7 scrolls of identify.
  1792 | D:2      | 1792 ||| IDENTIFYING green potion
  1793 | D:2      | 1793 ||| READING 6 scrolls of identify.
  1793 | D:2      | 1793 ||| IDENTIFYING orange potion
  1794 | D:2      | 1794 ||| READING 5 scrolls of identify.
  1794 | D:2      | 1794 ||| IDENTIFYING grey potion
  1795 | D:2      | 1795 ||| DROPPING scroll of noise.
  1796 | D:2      | 1796 ||| DROPPING potion of flight.
  1815 | D:3      | Found a faded altar of an unknown god.
  1819 | D:3      | Reached ** piety under Trog
  1820 | D:3      | Reached skill level 4 in Axes
  1845 | D:3      | 1845 ||| Stepping ~*~*~tactically~*~*~ (stealth).
  1905 | D:3      | Found a sparkling altar of Nemelex Xobeh.
  2005 | D:3      | 2005 ||| INVOKING Berserk.
  2006 | D:3      | 2006 ||| INVOKING Berserk.
  2010 | D:3      | Reached XP level 4. HP: 28/28 MP: 4/4
  2024 | D:3      | Reached XP level 5. HP: 28/32 MP: 5/5
  2215 | D:3      | Identified the +2 arbalest "Ese Jate" {penet, rElec Dex+2}
  2220 | D:3      | Noticed Jessica
  2229 | D:3      | Killed Jessica
  2399 | D:3      | Found a shadowy altar of Dithmenos.
  2404 | D:3      | 2404 ||| Stepping ~*~*~tactically~*~*~ (hiding).
  2411 | D:3      | 2411 ||| Stepping ~*~*~tactically~*~*~ (stealth).
  2418 | D:3      | 2418 ||| INVOKING Berserk.
  2544 | D:3      | Reached skill level 5 in Axes
  2714 | D:3      | Found a glowing silver altar of Zin.
  2723 | D:3      | Found a stormy altar of Qazlal.
  2953 | D:3      | 2953 ||| UPGRADING to +0 chain mail.
  2963 | D:3      | 2963 ||| DROPPING +2 hat.
  2964 | D:3      | 2964 ||| DROPPING +0 ring mail.
  2965 | D:3      | 2965 ||| READING scroll labelled DOFIMN EZIKO.
  3000 | D:4      | 3000 ||| STAIRDANCE
  3042 | D:4      | 3042 ||| READING scroll of enchant armour.
  3042 | D:4      | 3042 ||| ENCHANTING +1 helmet.
  3067 | D:4      | 3067 ||| INVOKING Berserk.
  3068 | D:4      | HP: 12/48 [iguana (7)]
  3390 | D:4      | 3390 ||| INVOKING Berserk.
  3392 | D:4      | Reached XP level 6. HP: 29/38 MP: 6/6
  3544 | D:4      | 3544 ||| Stepping ~*~*~tactically~*~*~ (hiding).
  3694 | D:4      | 3694 ||| Stepping ~*~*~tactically~*~*~ (stealth).
  3927 | D:4      | 3927 ||| UPGRADING to +4 ring of protection.
  3928 | D:4      | 3928 ||| READING 9 scrolls of identify.
  3928 | D:4      | 3928 ||| IDENTIFYING fuming green potion
  3929 | D:4      | 3929 ||| READING 8 scrolls of identify.
  3929 | D:4      | 3929 ||| IDENTIFYING pink potion
  3930 | D:4      | 3930 ||| DROPPING potion of brilliance.
  3976 | D:5      | Entered Level 5 of the Dungeon
  3977 | D:5      | 3977 ||| PLANNING SEWER
  3978 | D:5      | 3978 ||| INVOKING Berserk.
  4125 | D:5      | Found Efaakhe's Weapon Shop.
  4134 | D:5      | Noticed a black bear
  4139 | D:5      | 4139 ||| INVOKING Berserk.
  4143 | D:5      | Killed a black bear
  4144 | D:5      | Reached skill level 6 in Axes
  4144 | D:5      | Reached XP level 7. HP: 43/43 MP: 7/7
  4354 | D:5      | Reached skill level 3 in Armour
  4484 | D:5      | Reached skill level 3 in Shields
  4487 | D:5      | Found Ifurit's Armour Boutique.
  4494 | D:5      | 4494 ||| SHOPLISTING +1 plate armour of fire resistance
                  | (385 gold, have 270).
  4504 | D:5      | 4504 ||| Stepping ~*~*~tactically~*~*~ (stealth).
  4565 | D:5      | Found a shimmering blue altar of Sif Muna.
  4682 | D:5      | 4682 ||| RIP SEWER
  4764 | D:5      | 4764 ||| PLANNING D:1-11
  4843 | D:5      | Reached skill level 7 in Axes
  5084 | D:5      | 5084 ||| Stepping ~*~*~tactically~*~*~ (stealth).
  5096 | D:5      | Reached *** piety under Trog
  5098 | D:5      | 5098 ||| Stepping ~*~*~tactically~*~*~ (stealth).
  5100 | D:5      | 5100 ||| Stepping ~*~*~tactically~*~*~ (stealth).
  5102 | D:5      | 5102 ||| Stepping ~*~*~tactically~*~*~ (stealth).
  5104 | D:5      | 5104 ||| Stepping ~*~*~tactically~*~*~ (stealth).
  5114 | D:5      | 5114 ||| Stepping ~*~*~tactically~*~*~ (stealth).
  5127 | D:5      | Reached XP level 8. HP: 46/48 MP: 8/8
  5229 | D:5      | 5229 ||| INVOKING Berserk.
  5375 | D:5      | 5375 ||| UPGRADING to +4 plate armour.
  5385 | D:5      | 5385 ||| DROPPING +0 chain mail.
  5386 | D:5      | 5386 ||| READING scroll labelled YFUAMOC KIDU.
  5387 | D:5      | 5387 ||| READING 2 scrolls labelled GUTUPH HAIBO.
  5388 | D:5      | 5388 ||| READING scroll labelled TUOKYTW PIUC.
  5389 | D:5      | 5389 ||| READING 7 scrolls of identify.
  5389 | D:5      | 5389 ||| IDENTIFYING lumpy cyan potion
  5390 | D:5      | 5390 ||| READING 6 scrolls of identify.
  5390 | D:5      | 5390 ||| IDENTIFYING fuming orange potion
  5391 | D:5      | 5391 ||| DROPPING scroll of poison.
  5392 | D:5      | 5392 ||| DROPPING potion of attraction.
  5393 | D:5      | 5393 ||| DROPPING potion of magic.
  5457 | D:6      | Noticed Edmund
  5462 | D:6      | 5462 ||| INVOKING Berserk.
  5467 | D:6      | Killed Edmund
  5605 | D:6      | 5605 ||| Stepping ~*~*~tactically~*~*~ (hiding).
  5607 | D:6      | 5607 ||| INVOKING Berserk.
  5805 | D:6      | 5805 ||| INVOKING Berserk.
  6157 | D:6      | Reached skill level 8 in Axes
  6181 | D:6      | 6181 ||| READING scroll of enchant armour.
  6181 | D:6      | 6181 ||| ENCHANTING +4 plate armour.
  6191 | D:6      | 6191 ||| INVOKING Berserk.
  6539 | D:6      | 6539 ||| READING scroll labelled QIOLUA VACITYL.
  6540 | D:6      | 6540 ||| READING scroll labelled ONGUFI DUWEAT.
  6585 | D:5      | Noticed a rust devil
  6585 | D:5      | Noticed a rust devil
  6587 | D:5      | 6587 ||| INVOKING Berserk.
  6590 | D:5      | Reached skill level 6 in Fighting
  6610 | D:5      | HP: 14/76 [rust devil (9)]
  6613 | D:5      | Slain by a rust devil

Levels and vault maps discovered:
D:1:      wheals_arrival_linesprint, layout_basic, minmay_bisected
D:2:      layout_basic
D:3:      layout_basic, mainiacjoe_overflow_swirl, mainiacjoe_overflow_brackets,
          grunt_dithmenos_smoke_and_mirrors, nicolae_ecumenical_pavilion,
          uniq_jessica
D:4:      layout_rooms
D:5:      cheibrodos_iron_armory, layout_loops_ring,
          mainiacjoe_overflow_chevrons, gup_sewer_entry_spiral, serial_shops,
          shop, shop
D:6:      layout_basic, uniq_edmund

Skill      XL: |  1  2  3  4  5  6  7  8 |
---------------+-------------------------+-----
Axes           | 3 4 5 6 7 8 |  8.0
Shields        | 2 3 |  3.7
Fighting       | 4 6 |  6.2
Armour         | 3 4 |  4.8
Dodging        | |  1.5

Action                   |  1- 3 |  4- 6 |  7- 9 || total
-------------------------+-------+-------+-------++-------
Melee: Hand axe          |   105 |   126 |   179 ||   410
Throw: Boomerang         |       |    22 |       ||    22
Invok: Berserk           |     1 |     5 |     6 ||    12
  Use: Scroll            |     7 |     4 |     8 ||    19
       Potion            |     1 |       |       ||     1
Armor: Animal skin       |    11 |       |       ||    11
       Leather armour    |    13 |       |       ||    13
       Ring mail         |     5 |    13 |       ||    18
       Chain mail        |       |    37 |    49 ||    86
       Plate armour      |       |       |    42 ||    42
Dodge: Dodged            |    46 |    50 |    36 ||   132
Block: Buckler           |     4 |    17 |    21 ||    42

Table legend:
 A = Non-vault XP
 B = Vault XP
 C = Vault XP percentage of total XP
 D = Non-vault monster count
 E = Vault monster count
 F = Vault count percentage of total count
                 A         B        C        D         E       F
            +---------+---------+-------+---------+---------+-------
      Total |    1808 |     513 |  22.1 |     114 |      13 |  10.2
            +---------+---------+-------+---------+---------+-------
        D:1 |      28 |       4 |  12.5 |      17 |       2 |  10.5
        D:2 |      39 |       0 |   0.0 |      17 |       0 |   0.0
        D:3 |     151 |      37 |  19.7 |      23 |       1 |   4.2
        D:4 |     214 |       0 |   0.0 |      20 |       0 |   0.0
        D:5 |     750 |     306 |  29.0 |      19 |       9 |  32.1
        D:6 |     626 |     166 |  21.0 |      18 |       1 |   5.3
            +---------+---------+-------+---------+---------+-------
